 Dungeon Crawl Stone Soup version 0.29.0-13-gc9e81de378 (webtiles) character file.

Game seed: 2230472848942465154

65 AbrileMaio the Sneak (level 3, -5/18 HPs)
             Began as a Spriggan Brigand on Sept 9, 2022.
             Slain by an iguana (13 damage)
             ... on level 5 of the Dungeon.
             The game lasted 00:04:47 (1823 turns).

AbrileMaio the Sneak (Spriggan Brigand)             Turns: 1823, Time: 00:04:48

Health: -5/18      AC:  3    Str:  7    XL:     3   Next: 94%
Magic:  4/4        EV: 16    Int: 12    God:
Gold:   144        SH:  0    Dex: 18    Spells: 2/2 levels left

rFire   . . .      SeeInvis +   a - +2 dagger
rCold   . . .      Faith    .   (no shield)
rNeg    . . .      Spirit   .   b - +0 robe
rPois   .          Reflect  .   (helmet restricted)
rElec   .          Harm     .   c - +0 cloak
rCorr   .          Rampage  .   (gloves unavailable)
Will    .....                   (boots unavailable)
Stlth   +++.......              (no amulet)
HPRegen 0.06/turn               (no ring)
MPRegen 0.09/turn               (no ring)

@: very quick
A: very small, no large weapons, unfitting armour, see invisible, speed 3
a: no special abilities


You were on level 5 of the Dungeon.
You visited 1 branch of the dungeon, and saw 6 of its levels.

You collected 144 gold pieces.

Inventory:

Hand Weapons
 a - a +2 dagger (weapon)
Missiles
 d - 12 poisoned darts (quivered)
 e - 3 curare-tipped darts
 m - 11 stones
Armour
 b - a +0 robe (worn)
 c - a +0 cloak (worn)
Jewellery
 f - a ring of ice
Wands
 o - a wand of flame (17)
Scrolls
 g - a scroll of amnesia {unknown}
 i - 2 scrolls of magic mapping
 j - a scroll of enchant weapon {unknown}
 n - a scroll of immolation {unknown}
Potions
 h - a potion of mutation {unknown}
 k - a potion of experience {unknown}
 l - a potion of ambrosia {unknown}


   Skills:
 - Level 1.5 Fighting
 + Level 4.7 Short Blades
 - Level 2.0 Throwing
 - Level 1.3 Dodging
 - Level 5.8 Stealth


You had 2 spell levels left.
You didn't know any spells.
Your spell library contained the following spells:

 Spells                   Type           Power      Damage    Failure   Level
 Sublimation of Blood     Necr           0%         N/A       45%         2
 Wereblood                Tmut           0%         N/A       45%         2
 Summon Hydra             Summ           0%         N/A       100%        7


Dungeon Overview and Level Annotations

Branches:
Dungeon (6/15)
 Temple: D:4-7

Altars:
Cheibriados
Fedhas

Shops:
D:5 (*

Annotations:
D:2 Robin
D:5 2 transporters


Innate Abilities, Weirdness & Mutations

You are very small and have problems with some larger weapons.
You are too small for most types of armour.
You have supernaturally acute eyesight. (SInv)
You cover ground extremely quickly. (Speed+++)


Message History

You open the door.
There is an open door here.
o - a wand of flame (17)
Found a stone staircase leading down.
m - 11 stones (gained 3)
A black bear comes into view.
Found a leather armour and 2 stones.
There is a stone staircase leading down here.
You climb downwards.
Found 15 gold pieces.
Found a stone staircase leading up.
There is a stone staircase leading up here.
Found a spear.
There is a stone staircase leading up here.
You climb upwards.
Level annotation: 2 transporters
There is a stone staircase leading down here.
Found a mace.
Found a robe.
Found 17 gold pieces.
Found an escape hatch in the ceiling.
Found Coigeun's Assorted Antiques.
You now have 144 gold pieces (gained 17).
An iguana comes into view.
Found a quarterstaff.
Found a stone staircase leading down.
The iguana hisses angrily.
There is an entrance to Coigeun's Assorted Antiques here.
As you read the scroll labelled YDAEHU YSIGAI, it crumbles to dust.
You feel aware of your surroundings.
You sensed 1 altar.
It was a scroll of magic mapping.
You hit the iguana but do no damage. You closely miss the iguana.
The iguana bites you!
You barely miss the iguana. The iguana barely misses you.
You hit the iguana but do no damage. The iguana closely misses you.
You hit the iguana but do no damage. You hit the iguana but do no damage.
The iguana misses you.
You hit the iguana but do no damage. The iguana bites you.
You barely miss the iguana. The iguana bites you!
Ouch! That really hurt!
You die...

*********,,,,,,,* #
**,,..,..#.####*,*
###*.,,,.,#.#.#..#*,*
#.,,..,##.#.#.#..#*.#*#
.,........#.#.#..#*.#.#
#,,.....,.....#..##.#.#
#**#..#..##.#.........#
####....)..<..#..#..#.#
...##.#####....∩@.....#
....#........##.l.....##
......................>#**
.#..#...................,*
..<>...............###.#,*
©........###.###...# *,#,*
...#.#.#.....###...#**,*,***
.#.#.#.#............,,,,,,,*
,#.#.#...#######.....,,,,*,*


You could see an iguana.

Vanquished Creatures
  2 adders
  A worm (D:3)
  3 dart slugs
  10 endoplasms
  3 giant cockroaches (D:1)
  3 goblins
  A hobgoblin (D:2)
  3 kobolds (D:1)
  A quokka (D:1)
  2 ball pythons (D:1)
  3 bats (D:1)
  3 frilled lizards
  2 rats
37 creatures vanquished.

Notes
Turn   | Place    | Note
-------+----------+-------------------------------------------
     0 | D:1      | AbrileMaio the Spriggan Brigand began the quest for the
                  | Orb.
     0 | D:1      | Reached XP level 1. HP: 10/10 MP: 2/2
   474 | D:1      | Reached XP level 2. HP: 14/14 MP: 3/3
   648 | D:1      | Found a faded altar of an unknown god.
   822 | D:1      | Reached XP level 3. HP: 9/18 MP: 4/4
  1345 | D:2      | Noticed Robin
  1444 | D:3      | Found a blossoming altar of Fedhas.
  1471 | D:3      | Found a snail-covered altar of Cheibriados.
  1704 | D:5      | Entered Level 5 of the Dungeon
  1704 | D:5      | Found a transporter.
  1711 | D:5      | Found a transporter.
  1720 | D:5      | Found Acebbite's Weapon Shop.
  1754 | D:5      | Noticed a black bear
  1757 | D:6      | Noticed a necrophage
  1802 | D:5      | Found Coigeun's Assorted Antiques.
  1823 | D:5      | Slain by an iguana

Illustrated notes

Levels and vault maps discovered:
D:1:      dpeg_arrival_another_circle, layout_loops_ring,
          hellmonk_ecumenical_altar_lost_god, minmay_hexomino_p4
D:2:      layout_basic, corexii_corridor_pit, uniq_robin,
          uniq_crazy_yiuf_cottage
D:3:      layout_basic, kennysheep_slug_shrine, fedhas_altar_1,
          grunt_ministairs_5
D:4:      layout_loops_ring, minmay_temple_entry_antechambers,
          minmay_manual_mandibuliform
D:5:      gammafunk_steamed_eel, layout_basic, amcnicky_altar_gilded,
          serial_shops, shop, nicolae_shop_hallway_plus, dk_noncrumbling_4,
          dreamdust_mushroom_princess
D:6:      layout_rooms, dk_vineyard_3, uniq_grinder, uniq_prince_ribbit1

Skill      XL: |  1  2  3 |
---------------+----------+-----
Short Blades   | 3 4 |  4.7
Fighting       | |  1.5
Throwing       | |  2.0
Dodging        | |  1.3
Stealth        | |  5.8

Action                   || total
-------------------------++-------
Melee: Dagger            ||    98
       Punch             ||     1
Throw: Stone             ||     7
  Use: Scroll            ||     1
 Stab: Sleeping          ||    11
Armor: Robe              ||     8
Dodge: Dodged            ||    42
